Map: Tokamak LE

Players

LigerMaNN - Winner!

  • Race: Zerg Zerg
  • League: Diamond
  • Spawn Location: 7:00

A.I. 1 (Elite)

  • Race: Terran Terran
  • Spawn Location: 1:00

VOD

Have the link to the VOD?

Description

Time

  • Played on: June 3, 2025, midnight
  • Length: 12:13
Show
View Real Time Build Order
Export as new Build Order

LigerMaNN Zerg - Winner!

Build Orders: Hatch First 

Get SALT Encoding   

  12  0:00  Drone  
  13  0:13  Overlord  
  13  0:16  Drone  
  14  0:31  Drone x2  
  14  0:35  Drone  
  17  0:50  Hatchery  
  17  0:53  Drone  
  17  0:56  Drone  
  18  1:08  Extractor  
  17  1:12  Spawning Pool  
  17  1:15  Drone  
  17  1:17  Drone  
  18  1:28  Drone  
  19  1:39  Overlord  
  19  1:52  Drone  
  20  2:03  Zergling x4  
  20  2:04  Queen x2  
  26  2:14  Metabolic Boost  
  26  2:21  Drone x2  
  28  2:29  Drone x2  
  30  2:42  Overlord, Hatchery  
  29  2:46  Drone  
  29  2:47  Drone  
  29  2:50  Overlord  
  31  2:57  Queen  
  33  3:01  Drone  
  33  3:02  Drone  
  35  3:16  Drone x6  
  35  3:18  Drone  
  42  3:21  Drone  
  42  3:26  Overlord  
  43  3:29  Overlord  
  43  3:35  Pneumatized Carapace  
  43  3:46  Queen  
  45  3:50  Drone x3  
  45  3:52  Drone x3, Extractor  
  50  4:01  Drone x4  
  54  4:09  Queen  
  56  4:12  Drone x4  
  60  4:19  Baneling Nest  
  59  4:25  Queen  
  61  4:34  Drone x8  
  61  4:36  Overlord  
  69  4:40  Lair  
  69  5:04  Drone x3  
  69  5:05  Drone  
  69  5:06  Drone x2  
  75  5:08  Drone x7  
  75  5:10  Extractor  
  75  5:11  Extractor x2  
  75  5:12  Extractor  
  78  5:23  Queen  
  80  5:35  Zergling x4  
  82  5:36  Overlord x7  
  82  5:37  Overlord  
  82  5:49  Hatchery  
  81  5:51  Hydralisk Den  
  81  5:53  Hatchery, Evolution Chamber  
  81  5:54  Centrifugal Hooks, Evolution Chamber  
  77  6:05  Zergling x28  
  77  6:11  Overlord x2  
  91  6:14  Baneling x2  
  91  6:15  Baneling x5  
  91  6:16  Baneling  
  91  6:21  Zerg Melee Weapons Level 1  
  91  6:22  Zerg Ground Armor Level 1  
  91  6:26  Muscular Augments  
  91  6:33  Infestation Pit  
  91  6:34  Hydralisk x2  
  91  6:37  Hydralisk  
  91  6:39  Drone  
  97  6:40  Drone  
  97  6:41  Drone  
  97  6:43  Drone  
  100  6:52  Baneling x8  
  100  7:06  Hydralisk x7  
  115  7:22  Drone  
  115  7:23  Drone x12  
  115  7:24  Drone  
  115  7:25  Drone  
  115  7:26  Drone  
  130  7:30  Overlord, Grooved Spines  
  130  7:32  Overlord  
  131  7:54  Drone x2, Extractor  
  131  7:55  Drone x2, Extractor  
  131  7:56  Drone x2  
  131  7:57  Hydralisk x7  
  149  8:00  Zergling x4  
  149  8:03  Hive  
  151  8:08  Zergling x10  
  151  8:09  Zergling x2  
  157  8:18  Hydralisk  
  157  8:19  Hydralisk x6  
  169  8:21  Overlord  
  169  8:23  Overlord  
  151  8:46  Zergling x20  
  151  8:47  Zergling x16  
  168  9:13  Baneling x14  
  168  9:14  Baneling x6  
  168  9:17  Viper  
  168  9:18  Viper x5  
  186  9:28  Zergling x22  
  197  9:44  Overlord x3  
  197  10:05  Baneling x8  
  197  10:06  Zergling x4, Baneling x8  
  199  10:09  Adrenal Glands  
  196  10:45  Hatchery  
  186  10:59  Overlord  
  186  11:00  Overlord  
  163  11:08  Zergling x12  
  163  11:09  Zergling x36  
  185  11:11  Overlord  
  170  11:35  Zergling x24  
  170  11:36  Zergling x10  
Show
View Real Time Build Order
Export as new Build Order

A.I. 1 (Elite) Terran 

Build Orders:  

Get SALT Encoding   

  12  0:00  SCV  
  13  0:13  SCV  
  14  0:18  Supply Depot  
  14  0:25  SCV  
  15  0:39  SCV  
  16  0:44  Barracks  
  16  0:52  SCV  
  17  1:04  SCV  
  18  1:10  Refinery  
  18  1:13  Supply Depot  
  18  1:16  SCV  
  19  1:28  SCV  
  20  1:33  Marine  
  21  1:42  Command Center  
  21  2:06  Barracks  
  21  2:07  SCV  
  22  2:10  Marine  
  22  2:12  Factory  
  23  2:19  SCV  
  24  2:24  Supply Depot  
  24  2:30  Marine  
  24  2:32  SCV  
  26  2:44  SCV  
  27  2:48  Marine  
  28  2:56  Orbital Command, Factory Tech Lab, SCV  
  29  3:05  Refinery  
  29  3:12  Orbital Command  
  29  3:15  Marine  
  29  3:17  Marine  
  31  3:23  SCV  
  32  3:33  Marine  
  33  3:35  Marine, SCV  
  33  3:38  SCV  
  36  3:44  Barracks  
  36  3:47  SCV  
  37  3:50  Marine, SCV  
  37  3:54  Barracks Tech Lab  
  39  3:58  Starport  
  39  3:59  SCV  
  39  4:02  SCV  
  41  4:09  Barracks Tech Lab  
  41  4:11  SCV  
  41  4:12  Marine  
  41  4:14  Stimpack, SCV  
  44  4:21  Supply Depot  
  44  4:23  SCV  
  45  4:26  SCV  
  45  4:27  Marine, Combat Shield  
  45  4:30  Marine  
  45  4:31  Marine  
  49  4:35  SCV  
  49  4:36  Medivac  
  52  4:42  SCV  
  52  4:44  Supply Depot  
  52  4:45  Marine  
  54  4:47  Marine, SCV  
  54  4:48  Supply Depot, Marine  
  57  4:57  SCV  
  59  5:00  SCV  
  59  5:03  Marauder  
  59  5:06  Marauder, Marine, Medivac  
  66  5:08  Refinery  
  66  5:09  SCV  
  66  5:12  SCV  
  68  5:15  Supply Depot  
  68  5:19  Refinery  
  68  5:21  SCV  
  68  5:24  Marauder, SCV  
  68  5:28  Marauder  
  74  5:33  SCV  
  74  5:35  Engineering Bay  
  75  5:36  SCV  
  75  5:39  Supply Depot  
  75  5:42  Engineering Bay  
  76  5:45  Command Center  
  76  5:46  Marauder, SCV  
  79  5:54  SCV  
  80  5:58  SCV  
  80  6:01  Marauder  
  80  6:02  Terran Infantry Armor Level 1  
  83  6:04  Barracks Reactor  
  83  6:06  SCV  
  83  6:07  Marauder, Terran Infantry Weapons Level 1  
  83  6:09  Supply Depot  
  83  6:10  SCV  
  87  6:16  Missile Turret  
  87  6:17  Missile Turret  
  87  6:22  Marauder, Barracks  
  87  6:23  Concussive Shells  
  89  6:26  Starport Reactor  
  89  6:29  Marauder  
  91  6:36  Supply Depot  
  91  6:43  Marine x3  
  94  6:50  Marauder  
  96  7:01  Marine, SCV  
  97  7:02  Viking, Medivac  
  97  7:03  SCV  
  97  7:05  Refinery  
  103  7:08  Fusion Core  
  103  7:09  SCV  
  103  7:11  Marauder  
  103  7:13  SCV  
  103  7:15  Supply Depot, SCV  
  108  7:19  Marauder  
  108  7:21  SCV  
  111  7:25  SCV  
  111  7:27  Missile Turret, SCV  
  113  7:31  Missile Turret  
  113  7:32  Marine, Medivac  
  113  7:33  SCV  
  113  7:34  Marine  
  113  7:36  Marine  
  119  7:38  SCV  
  119  7:40  Supply Depot, SCV  
  121  7:45  Viking, SCV  
  121  7:50  SCV  
  125  7:53  SCV  
  125  7:58  Orbital Command  
  125  8:02  Hellion, SCV  
  125  8:04  Supply Depot  
  125  8:05  SCV  
  129  8:09  Armory  
  129  8:14  Missile Turret  
  129  8:18  SCV x2  
  131  8:24  Hellion, SCV  
  134  8:27  Supply Depot  
  134  8:36  Refinery, Marine x2  
  134  8:37  Marine  
  134  8:39  Marine  
  134  8:40  Marine  
  85  8:45  Siege Tank  
  84  8:52  Medivac  
  84  8:53  Marine  
  84  8:54  Medivac  
  84  8:55  Marauder, Marine  
  87  8:56  Terran Infantry Armor Level 2, Terran Infantry Weapons Level 2  
  87  8:57  Marine  
  87  8:58  Marine  
  89  9:12  Marauder  
  89  9:13  Marine  
  89  9:14  Marine  
  89  9:16  Marine x2  
  95  9:17  Siege Tank  
  95  9:21  Viking  
  80  9:24  Medivac  
  100  9:31  Marine  
  102  9:32  Marine  
  102  9:33  Marauder, Marine x2  
  108  9:49  Marine, Siege Tank  
  108  9:50  Missile Turret, Marine  
  108  9:51  Viking, Marine  
  108  9:52  Marauder  
  118  9:53  Supply Depot  
  118  9:54  Marauder, Medivac  
  122  10:07  Marine  
  122  10:08  Marine  
  122  10:09  Marine  
  122  10:13  Marauder, Missile Turret  
  127  10:16  Marauder  
  127  10:18  Supply Depot  
  129  10:21  Hellion  
  129  10:24  Marine, Factory  
  132  10:32  Command Center, Starport  
  132  10:35  Marauder  
  134  10:37  Marauder  
  134  10:40  Armory  
  132  10:43  Siege Tank  
  132  10:46  Supply Depot, SCV x2  
  132  10:48  SCV  
  131  10:56  Marauder  
  128  10:57  Marine  
  128  10:58  SCV  
  128  10:59  Marauder  
  96  11:07  Hellion  
  96  11:08  Refinery, Starport Tech Lab  
  87  11:14  Marine  
  87  11:15  Marine, Siege Tank, SCV  
  87  11:16  SCV  
  87  11:17  Marauder  
  90  11:19  Marine  
  90  11:20  Marine  
  77  11:27  SCV  
  77  11:28  SCV  
  77  11:30  Factory Tech Lab  
  77  11:32  Marine  
  67  11:33  Marine  
  67  11:38  Marauder, Marine x2  
  67  11:39  SCV  
Tags
 
League
Diamond
Matchup
TvZ
Replay Pack
June 2025
Spawn Locations
Cross Positions
Add a new tag
Caveats
  • Supply blocks, unpowered buildings, or Contaminate may cause inaccurate times.
  • Supply counts are checked every 10 seconds.